 Dungeon Crawl Stone Soup version 0.20.1-1-g8b1a95d (webtiles) character file.

163 ReignOfFire the Skirmisher (level 5, -5/41 HPs)
             Began as a Demonspawn Fighter on July 28, 2017.
             Killed by divine providence
             ... invoked by an orc priest
              (13 damage)
             ... on level 3 of the Dungeon.
             The game lasted 00:02:23 (1801 turns).

ReignOfFire the Skirmisher (Demonspawn Fighter)     Turns: 1801, Time: 00:02:23

Health: -5/41      AC: 11    Str: 17    XL:     5   Next: 20%
Magic:  5/5        EV: 10    Int:  9    God:
Gold:   129        SH:  0    Dex: 13    Spells: 4/4 levels left

rFire    . . .     SeeInvis .   a - +0 long sword
rCold    . . .     Gourm    .   (no shield)
rNeg     . . .     Faith    .   b - +0 scale mail
rPois    .         Spirit   .   h - +0 helmet
rElec    .         Reflect  .   (no cloak)
rCorr    +         Harm     .   (no gloves)
MR       .....                  (no boots)
Stlth    ..........             (no amulet)
Regen    0.2/turn               l - ring of resist corrosion
MPRegen  0.1/turn               m - ring of loudness (curse)

@: no status effects
A: molten scales 2, spiny 1
a: no special abilities


You were on level 3 of the Dungeon.
You were very hungry.

You visited 1 branch of the dungeon, and saw 3 of its levels.

You collected 129 gold pieces.

Inventory:

Hand Weapons
 a - a +0 long sword (weapon)
Armour
 b - a +0 scale mail (worn)
 h - a +0 helmet (worn)
Jewellery
 l - a ring of resist corrosion (left hand)
 m - a cursed ring of loudness (right hand)
 q - a +5 ring of strength {unknown}
Scrolls
 c - 3 scrolls of identify {unknown}
 e - 2 scrolls of immolation {unknown}
 k - a scroll of magic mapping {unknown}
 o - a scroll of enchant armour {unknown}
 p - a scroll of remove curse {unknown}
 r - a scroll of amnesia {unknown}
 s - a scroll of random uselessness {unknown}
 t - a scroll of teleportation {unknown}
Potions
 d - a potion of might
 g - 3 potions of curing {unknown}
 i - a potion of berserk rage {unknown}
Comestibles
 f - 3 bread rations
 j - 2 meat rations
 n - a royal jelly


   Skills:
 + Level 3.6 Fighting
 + Level 3.6 Long Blades
 + Level 3.5 Armour
 + Level 1.1 Dodging
 + Level 0.2 Stealth
   Level 2.6 Shields


You had 4 spell levels left.
You didn't know any spells.

Dungeon Overview and Level Annotations

Branches:
Dungeon (3/15)

Altars:


Innate Abilities, Weirdness & Mutations

You are mostly covered in molten scales. (AC +3)
You are partially covered in sharp spines.


Message History

Unknown command.
You slash the orc priest!
The orc priest is severely wounded.
The orc is struck by your spines. The orc hits you but does no damage.
The orc moves out of view.
The orc priest is struck by your spines.
The orc priest hits you but does no damage.
The orc closely misses you.
You riposte.
You barely miss the orc.
The orc is moderately wounded.
You barely miss the orc priest.
The orc priest is severely wounded.
The orc priest calls upon Beogh to heal the orc.
The orc's wounds heal themselves!
The orc is struck by your spines. The orc hits you but does no damage.
Unknown command.
You closely miss the orc priest.
The orc priest is severely wounded.
The orc priest invokes the aid of Beogh against you.
Beogh smites you!
You die...

#...................
#######.#.########....#
..........# ...##
######.##########......
#.#...oo.oo)..#
#.#o########.## #.#o#
.. #.#.# ## #@#.# #oo.#
#####


You could see an orc priest and an orc.

Vanquished Creatures
  A crimson imp (D:3)
  An orc priest (D:3)
  3 adders
  2 oozes
  3 dart slugs (D:2)
  A leopard gecko (D:2)
  4 orcs (D:3)
  A ball python (D:1)
  2 giant cockroaches
  4 goblins
  9 hobgoblins
  3 jackals (D:2)
  A quokka (D:3)
  9 bats
  A frilled lizard (D:2)
  2 kobolds
  5 rats
52 creatures vanquished.

Notes
Turn   | Place    | Note
-------+----------+-------------------------------------------
     0 | D:1      | ReignOfFire the Demonspawn Fighter began the quest for the Orb.
     0 | D:1      | Reached XP level 1. HP: 18/18 MP: 1/1
   287 | D:1      | Gained mutation: You are partially covered in molten scales. (AC +2) [demonic ancestry]
   287 | D:1      | Reached XP level 2. HP: 21/24 MP: 2/2
  1140 | D:2      | Reached XP level 3. HP: 17/29 MP: 3/3
  1410 | D:2      | Gained mutation: You are partially covered in sharp spines. [demonic ancestry]
  1410 | D:2      | Reached XP level 4. HP: 26/35 MP: 4/4
  1724 | D:3      | Reached skill level 1 in Dodging
  1797 | D:3      | Gained mutation: You are mostly covered in molten scales. (AC +3) [demonic ancestry]
  1797 | D:3      | Reached XP level 5. HP: 7/41 MP: 5/5
  1801 | D:3      | Killed from afar by an orc priest

Skill      XL: |  1  2  3  4 |
---------------+-------------+-----
Armour         | 3 |  3.5
Long Blades    | 2 3 |  3.6
Dodging        | 1 |  1.1
Fighting       | |  3.6
Stealth        | |  0.2
Shields        | |  2.6

Action                   |  1- 3 |  4- 6 || total
-------------------------+-------+-------++-------
Melee: Long sword        |    94 |    42 ||   136
  Eat: Chunk             |     1 |     1 ||     2
Armor: Scale mail        |    76 |    41 ||   117
Dodge: Dodged            |    85 |    19 ||   104
Block: Shield            |     1 |       ||     1
       Rpst.: Long sword |    30 |     7 ||    37
